 Dungeon Crawl Stone Soup version 0.26-a0-639-g72c4674329 (webtiles) character file.

Game seed: 15808955065106376144

998 Flugslaktarn the Skirmisher (level 8, 0/73 HPs)
             Began as a Minotaur Fighter on Sept 20, 2020.
             Was an Initiate of Makhleb.
             Killed by divine providence
             ... invoked by an orc priest
              (9 damage)
             ... on level 5 of the Dungeon.
             The game lasted 00:01:32 (3514 turns).

Flugslaktarn the Skirmisher (Minotaur Fighter)      Turns: 3514, Time: 00:01:33

Health: 0/73       AC:  7    Str: 24    XL:     8   Next: 0%
Magic:  8/8        EV:  8    Int:  5    God:    Makhleb [......]
Gold:   205        SH: 10    Dex:  9    Spells: 7/7 levels left

rFire    . . .     SeeInvis .   a - +0 war axe
rCold    . . .     Faith    .   c - +0 kite shield
rNeg     . . .     Spirit   .   b - +0 scale mail
rPois    +         Reflect  .   (helmet restricted)
rElec    .         Harm     .   (no cloak)
rCorr    .         Rampage  .   (no gloves)
MR       .....                  (no boots)
Stlth    ..........             (no amulet)
HPRegen  0.22/turn              o - ring of poison resistance
MPRegen  0.11/turn              (no ring)

@: no status effects
A: retaliatory headbutt, horns 2
a: Renounce Religion


You were on level 5 of the Dungeon.
You worshipped Makhleb.
Makhleb was noncommittal.
You visited 2 branches of the dungeon, and saw 6 of its levels.

You collected 205 gold pieces.

Inventory:

Hand Weapons
 a - a +0 war axe (weapon)
Armour
 b - a +0 scale mail (worn)
 c - a +0 kite shield (worn)
Jewellery
 m - a cursed amulet of inaccuracy {unknown}
   (You found it on level 4 of the Dungeon)
 o - a ring of poison resistance (left hand)
   (You found it on level 2 of the Dungeon)
Wands
 t - a wand of paralysis (4)
   (You took it off a centaur on level 5 of the Dungeon)
Scrolls
 f - 3 scrolls of immolation {unknown}
 g - a scroll of enchant armour {unknown}
 h - a scroll of identify {unknown}
 p - 4 scrolls of remove curse {unknown}
 q - a scroll of noise {unknown}
 s - 3 scrolls of teleportation {unknown}
Potions
 d - a potion of resistance {unknown}
 e - a potion of brilliance {unknown}
 i - a potion of lignification
 j - a potion of flight {unknown}
 k - a potion of haste {unknown}
 l - 2 potions of cancellation {unknown}
 n - a potion of ambrosia {unknown}
 r - a potion of stabbing {unknown}
 u - a potion of heal wounds {unknown}


   Skills:
 * Level 7.2 Fighting
 * Level 6.6 Axes
 + Level 5.6 Armour
 + Level 5.6 Shields
 + Level 1.5 Invocations


You had 7 spell levels left.
You didn't know any spells.
Your spell library was empty.

Dungeon Overview and Level Annotations

Branches:
Dungeon (5/15)             Temple (1/1) D:5

Altars:
Cheibriados
Makhleb
Qazlal
Ru
Sif Muna
Xom


Innate Abilities, Weirdness & Mutations

You reflexively headbutt those who attack you in melee.
You have a pair of horns on your head.


Message History

Beogh smites you!
The orc wizard hits you with a +0 dagger.
* * * LOW HITPOINT WARNING * * *
You hit the orc wizard but do no damage.
You headbutt the orc wizard, but do no damage.
You closely miss the orc. The orc hits you with a +0 dagger.
* * * LOW HITPOINT WARNING * * *
The orc priest looks encouraged for a moment.
The orc wizard casts a spell at you. The magic dart hits you!
* * * LOW HITPOINT WARNING * * *
You are too injured to fight recklessly!
You completely miss the orc wizard. You slash the orc!
You kill the orc!
Makhleb accepts your kill.
You have reached level 8!
You feel stronger.
The orc priest mumbles some strange prayers to Beogh against you.
Beogh smites you!
You die...

#...................(..
#......................
#......................
#....†...............÷.
#......................
#......................
#......................
#....).....?...........
####.#@####.###########
#.#o# .# #.#o# # #o#
... ##. . ##


You could see an orc priest, an orc wizard and an orc.

Vanquished Creatures
  An ogre (D:4)
  A phantom (D:5)
  A centaur (D:5)
  2 scorpions
  A howler monkey (D:4)
  2 jellies (D:5)
  4 orc priests
  A hound (D:5)
  6 orc wizards
  A worker ant (D:2)
  Robin (D:2)
  2 howler monkey skeletons
  8 adders
  An adder skeleton (D:5)
  An adder zombie (D:1)
  3 worms
  3 leopard geckos
  13 orcs
  2 ball pythons
  2 bats
  3 giant cockroaches
  9 hobgoblins
  3 jackals (D:4)
  3 kobolds
  A ball python zombie (D:1)
  A frilled lizard (D:4)
  11 goblins
  A jackal skeleton (D:4)
  6 rats
94 creatures vanquished.

Notes
Turn   | Place    | Note
-------+----------+-------------------------------------------
     0 | D:1      | Flugslaktarn the Minotaur Fighter began the quest for the
                  | Orb.
     0 | D:1      | Reached XP level 1. HP: 19/19 MP: 0/0
   105 | D:1      | Reached XP level 2. HP: 26/27 MP: 1/1
   275 | D:1      | Reached skill level 4 in Fighting
   662 | D:2      | Reached XP level 3. HP: 32/33 MP: 2/2
   700 | D:2      | Noticed Robin
   710 | D:2      | Reached XP level 4. HP: 28/41 MP: 3/3
   712 | D:2      | Killed Robin
  1192 | D:3      | Reached skill level 5 in Fighting
  1196 | D:3      | Reached XP level 5. HP: 34/48 MP: 4/4
  1537 | D:4      | Reached XP level 6. HP: 24/56 MP: 5/5
  1541 | D:4      | Reached skill level 5 in Axes
  1617 | D:4      | Reached skill level 6 in Fighting
  1979 | D:4      | Reached skill level 5 in Shields
  2279 | D:5      | Entered Level 5 of the Dungeon
  2299 | D:5      | Reached skill level 5 in Armour
  2333 | D:5      | Found a sand-covered staircase.
  2424 | D:5      | Reached XP level 7. HP: 64/64 MP: 6/6
  2439 | D:5      | Found a staircase to the Ecumenical Temple.
  2458 | Temple   | Entered the Ecumenical Temple
  2483 | Temple   | Became a worshipper of Makhleb the Destroyer
  2517 | D:5      | Paralysed by a centaur for 5 turns
  2536 | D:5      | HP: 3/64 [acid (1)]
  2903 | D:5      | Noticed a fire elemental
  2905 | D:5      | Found a stormy altar of Qazlal.
  2908 | D:5      | Noticed an air elemental
  2908 | D:5      | Noticed a water elemental
  2936 | D:5      | Reached skill level 1 in Invocations
  2947 | D:5      | Reached skill level 7 in Fighting
  3514 | D:5      | Reached XP level 8. HP: 9/73 MP: 8/8
  3514 | D:5      | Killed from afar by an orc priest

Illustrated notes

Levels and vault maps discovered:
D:1:      saegor_arrival_fortress, layout_loops_corners
D:2:      layout_loops_ring, uniq_natasha, uniq_robin
D:3:      layout_loops_cross, lemuel_old_faithful
D:4:      layout_basic
D:5:      layout_basic, nicolae_qazlal_style_of_elements,
          minmay_temple_entry_junction, nicolae_ossuary_entry_false_entrances
Temple:   regret_index_temple_waves

Skill      XL: |  1  2  3  4  5  6  7 |
---------------+----------------------+-----
Fighting       | 4 5 6 7 |  7.2
Axes           | 3 4 5 6 |  6.6
Armour         | 4 5 |  5.6
Shields        | 4 5 |  5.6
Invocations    | 1 |  1.5

Action                   |  1- 3 |  4- 6 |  7- 9 || total
-------------------------+-------+-------+-------++-------
Melee: War axe           |    57 |   100 |    56 ||   213
       Headbutt          |     7 |    21 |    14 ||    42
  Use: Potion            |       |     1 |     1 ||     2
Armor: Scale mail        |    18 |    44 |    27 ||    89
       Skin              |       |    17 |       ||    17
Dodge: Dodged            |    17 |    29 |    27 ||    73
Block: Kite shield       |    33 |    70 |    34 ||   137

Table legend: (Time is in decaauts)
 A = Elapsed time spent in this place.
 B = Non-inter-level travel time spent in this place.
 C = Inter-level travel time spent in this place.
 D = Time resting spent in this place.
 E = Time spent auto-exploring this place.
 F = Levels seen in this place.
 G = Mean time per level.
                   A        B        C        D        E       F      G
               +--------+--------+--------+--------+--------+-----+--------+
         Total |   3604 |   3512 |     92 |     71 |   2912 |   6 |  600.7 |
       Dungeon |   3565 |   3485 |     80 |     71 |   2894 |   5 |  713.0 |
        Temple |     38 |     26 |     12 |      0 |     18 |   1 |   38.0 |
               +--------+--------+--------+--------+--------+-----+--------+

Top non-repeatable levels by time:
     D:5: 1221 daAuts
     D:4: 903 daAuts
     D:1: 635 daAuts
     D:2: 544 daAuts
     D:3: 260 daAuts
  Temple: 38 daAuts
